 Dungeon Crawl Stone Soup version 0.25-a0-547-g27a0b5d1ef (webtiles) character file.

Game seed: 3866291305223624810, levelgen mode: deterministic

358 Esekla the Magician (level 6, -3/32 HPs)
             Began as a Deep Elf Wizard on Feb 22, 2020.
             Was a Follower of Vehumet.
             Slain by an iguana (11 damage)
             ... on level 5 of the Dungeon.
             The game lasted 00:29:01 (3733 turns).

Esekla the Magician (Deep Elf Wizard)               Turns: 3733, Time: 00:29:01

Health: -3/32      AC:  3    Str:  6    XL:     6   Next: 37%
Magic:  7/17       EV: 13    Int: 23    God:    Vehumet [*.....]
Gold:   142        SH:  0    Dex: 13    Spells: 8/18 levels left

rFire    . . .     SeeInvis .   o - +0 falchion
rCold    . . .     Gourm    .   (no shield)
rNeg     . . .     Faith    .   a - +0 robe
rPois    .         Spirit   .   c - +0 helmet
rElec    .         Reflect  .   (no cloak)
rCorr    .         Harm     .   (no gloves)
MR       .....                  (no boots)
Stlth    +++.......             (no amulet)
HPRegen  0.10/turn              (no ring)
MPRegen  0.15/turn              (no ring)

@: no status effects
A: no striking features
a: Renounce Religion


You were on level 5 of the Dungeon.
You worshipped Vehumet.
Vehumet was aware of your devotion.
You were near starving.

You visited 1 branch of the dungeon, and saw 5 of its levels.

You collected 142 gold pieces.

Inventory:

Hand Weapons
 e - a +0 dagger
 o - a +0 falchion (weapon)
Missiles
 b - 15 poisoned darts (quivered)
 p - 3 boomerangs
Armour
 a - a +0 robe (worn)
 c - a +0 helmet (worn)
 u - the +5 ring mail of the Lost Path {-Cast rPois Dex+3 Stlth+}
   (You found it on level 4 of the Dungeon)

   It affects your dexterity (+3).
   It protects you from poison.
   It prevents spellcasting.
   It makes you more stealthy.
   If you switch to wearing this armour, your AC will increase by 8 (3 -> 11).
Wands
 m - a wand of acid (5)
Scrolls
 f - 2 scrolls of enchant weapon {unknown}
 g - a scroll of random uselessness {unknown}
 i - 2 scrolls of amnesia {unknown}
 k - a scroll of teleportation {unknown}
 n - 2 scrolls of identify {unknown}
 q - a scroll of enchant armour {unknown}
 r - a scroll of remove curse {unknown}
Potions
 h - 6 potions of curing {unknown}
 l - a potion of berserk rage {unknown}
 s - a potion of cancellation {unknown}
 t - a potion of magic {unknown}
Comestibles
 d - 12 rations


   Skills:
 * Level 1.1 Short Blades
 + Level 2.6 Dodging
 * Level 4.5 Stealth
 * Level 6.7 Spellcasting
 + Level 2.3 Conjurations
   Level 1.1 Summonings
 * Level 2.2 Translocations
 * Level 1.9 Air Magic
 * Level 1.3 Poison Magic


You had 8 spell levels left.
You knew the following spells:

 Your Spells              Type           Power        Failure   Level  Hunger
a - Magic Dart            Conj           ###.         3%          1    None
b - Blink                 Tloc           N/A          4%          2    None
c - Mephitic Cloud        Conj/Pois/Air  ###.....     11%         3    None
d - Foxfire               Conj/Fire      ##..         4%          1    None
f - Conjure Flame         Conj/Fire      ##......     14%         3    None

Your spell library contained the following spells:

 Spells                   Type           Power        Failure   Level  Hunger
 Call Imp                 Summ           ##......     8%          2    None
 Slow                     Hex            #.......     12%         2    None


Dungeon Overview and Level Annotations

Branches:
Dungeon (5/15)
 Temple: D:4-7

Altars:
Nemelex Xobeh
Vehumet

Annotations:
D:4 Natasha, Pikel


Message History

The iguana closely misses you.
You riposte.
You closely miss the iguana.
The iguana is almost dead.
Casting: Magic Dart (safe; 3% risk of failure)
Confirm with . or Enter, or press ? or * to list all spells.
Aiming: Magic Dart (safe; 3% risk of failure)
Press: ? - help, Shift-Dir - straight line, f/p - iguana
Aim: an iguana (almost dead)
The magic dart hits the iguana.
The iguana is almost dead.
The iguana bites you!
* * * LOW HITPOINT WARNING * * *
Casting: Magic Dart (safe; 3% risk of failure)
Confirm with . or Enter, or press ? or * to list all spells.
Aiming: Magic Dart (safe; 3% risk of failure)
Press: ? - help, Shift-Dir - straight line, f/p - iguana
Aim: an iguana (almost dead)
The magic dart hits the iguana but does no damage.
The iguana is almost dead.
The iguana bites you!
You die...

#...........#
#...........#
#.###########
#..........#
#.#####..........#
#.....'..........#
#######..........#
#.l........#
#..@.......#
#..........#
#..........#
############


You could see an iguana.

Vanquished Creatures
  Sigmund (D:2)
  A slave (D:5)
  Ijyb (D:3)
  A worker ant (D:5)
  A hound skeleton (D:5)
  Robin (D:5)
  7 adders
  A worm (D:2)
  A dart slug (D:1)
  A leopard gecko (D:1)
  An orc (D:3)
  3 ball pythons
  10 goblins
  3 hobgoblins
  7 jackals
  3 kobolds
  2 quokkas
  4 bats (D:1)
  5 frilled lizards
  A leopard gecko skeleton (D:4)
  A quokka skeleton (D:5)
  5 rats
61 creatures vanquished.

Notes
Turn   | Place    | Note
-------+----------+-------------------------------------------
     0 | D:1      | Esekla the Deep Elf Wizard began the quest for the Orb.
     0 | D:1      | Reached XP level 1. HP: 10/10 MP: 7/7
   172 | D:1      | Reached skill level 5 in Spellcasting
   172 | D:1      | Reached XP level 2. HP: 15/15 MP: 8/10
   176 | D:1      | Learned a level 2 spell: Blink
   951 | D:2      | Reached XP level 3. HP: 10/19 MP: 3/12
   975 | D:2      | Learned a level 3 spell: Mephitic Cloud
   979 | D:2      | Learned a level 3 spell: Conjure Flame
  1293 | D:2      | Found a sparkling altar of Nemelex Xobeh.
  1719 | D:2      | Found a radiant altar of Vehumet.
  1723 | D:2      | Became a worshipper of Vehumet
  1753 | D:2      | Noticed Sigmund
  1819 | D:2      | Killed Sigmund
  1819 | D:2      | Reached skill level 6 in Spellcasting
  1819 | D:2      | Reached skill level 1 in Air Magic
  1819 | D:2      | Reached skill level 1 in Poison Magic
  1819 | D:2      | Reached XP level 4. HP: 13/24 MP: 4/14
  1819 | D:2      | Reached XP level 5. HP: 15/28 MP: 4/15
  2282 | D:3      | Noticed Ijyb
  2303 | D:3      | Killed Ijyb
  2696 | D:3      | Reached XP level 6. HP: 32/32 MP: 7/17
  2997 | D:4      | Got a faintly humming ring mail
  3008 | D:4      | Identified the +5 ring mail of the Lost Path {-Cast rPois
                  | Dex+3 Stlth+} (You found it on level 4 of the Dungeon)
  3028 | D:4      | Noticed Natasha
  3032 | D:5      | Entered Level 5 of the Dungeon
  3137 | D:4      | Reached * piety under Vehumet
  3137 | D:4      | Offered knowledge of Foxfire by Vehumet.
  3149 | D:5      | Learned a level 1 spell: Foxfire
  3227 | D:5      | Reached skill level 1 in Short Blades
  3344 | D:4      | Noticed Robin
  3376 | D:5      | Killed Robin
  3494 | D:4      | Noticed a slave
  3495 | D:4      | Noticed a slave
  3496 | D:4      | Noticed Pikel
  3496 | D:4      | Noticed a slave
  3496 | D:4      | Noticed a slave
  3540 | D:5      | Killed a slave
  3733 | D:5      | Slain by an iguana

Levels and vault maps discovered:
D:1:      ncdulo_lavacross, layout_rooms, minmay_misc_feat_tower, minivault_11
D:2:      layout_loops_cross, lemuel_round_altar, marbit_many_paths,
          uniq_sigmund
D:3:      layout_rooms, first_ration, uniq_ijyb
D:4:      layout_basic, small_statue_intersection, hex_tiny, uniq_robin,
          uniq_pikel, uniq_crazy_yiuf_cottage, uniq_natasha
D:5:      layout_basic

Skill      XL: |  1  2  3  4  5  6 |
---------------+-------------------+-----
Spellcasting   | 5 6 |  6.7
Stealth        | 3 4 |  4.5
Translocations | 2 |  2.2
Air Magic      | 1 |  1.9
Poison Magic   | 1 |  1.3
Conjurations   | 2 |  2.3
Short Blades   | 1 |  1.1
Dodging        | |  2.6
Summonings     | |  1.1

Action                   |  1- 3 |  4- 6 || total
-------------------------+-------+-------++-------
Melee: Dagger            |    19 |    31 ||    50
       Falchion          |       |    14 ||    14
Throw: Dart              |       |    10 ||    10
       Boomerang         |       |     1 ||     1
 Cast: Magic Dart        |    45 |    97 ||   142
       Blink             |     3 |     6 ||     9
       Mephitic Cloud    |     2 |     7 ||     9
       Conjure Flame     |     1 |     2 ||     3
 Stab: Sleeping          |     4 |     2 ||     6
       Confused          |     1 |    11 ||    12
  Eat: Chunk             |     1 |     6 ||     7
Armor: Robe              |     3 |     6 ||     9
       Ring mail         |       |     1 ||     1
Dodge: Dodged            |    13 |    50 ||    63
       Rpst.: Falchion   |       |     8 ||     8

Table legend:
 A = Non-vault XP
 B = Vault XP
 C = Vault XP percentage of total XP
 D = Non-vault monster count
 E = Vault monster count
 F = Vault count percentage of total count
                 A         B        C        D         E       F
            +---------+---------+-------+---------+---------+-------
      Total |     212 |     300 |  58.6 |      52 |       8 |  13.3
            +---------+---------+-------+---------+---------+-------
        D:1 |      28 |       0 |   0.0 |      15 |       0 |   0.0
        D:2 |      38 |     240 |  86.3 |       7 |       2 |  22.2
        D:3 |      70 |      36 |  34.0 |      19 |       1 |   5.0
        D:4 |       9 |       6 |  40.0 |       6 |       3 |  33.3
        D:5 |      67 |      18 |  21.2 |       5 |       2 |  28.6
            +---------+---------+-------+---------+---------+-------
